 Dungeon Crawl Stone Soup version 0.24-a0-170-gd8427f5388 (webtiles) character file.

Game seed: 1803410390777509517

28 Hercules1031 the Magician (level 3, -2/28 HPs)
             Began as a Gnoll Wanderer on Mar 9, 2019.
             Slain by a worm (8 damage)
             ... on level 2 of the Dungeon on Mar 10, 2019.
             The game lasted 00:03:45 (1124 turns).

Hercules1031 the Magician (Gnoll Wanderer)          Turns: 1124, Time: 00:03:46

Health: -2/28      AC:  5    Str: 13    XL:     3   Next: 14%
Magic:  11/11      EV: 10    Int: 15    God:
Gold:   90         SH:  0    Dex: 15    Spells: 14/16 levels left

rFire    . . .     SeeInvis .   b - +0 mace
rCold    . . .     Gourm    .   (no shield)
rNeg     . . .     Faith    .   h - +0 ring mail
rPois    .         Spirit   .   (no helmet)
rElec    .         Reflect  .   (no cloak)
rCorr    .         Harm     .   (no gloves)
MR       .....                  (no boots)
Stlth    +.........             (no amulet)
HPRegen  0.09/turn              (no ring)
MPRegen  0.12/turn              (no ring)

@: no status effects
A: distributed training, fangs 1, strong nose
a: no special abilities


You were on level 2 of the Dungeon.
You were hungry.

You visited 1 branch of the dungeon, and saw 2 of its levels.

You collected 90 gold pieces.

Inventory:

Hand Weapons
 b - a +0 mace (weapon)
Armour
 d - a +0 robe
 h - a +0 ring mail (worn)
Scrolls
 c - a scroll of identify {unknown}
 g - a scroll of amnesia {unknown}
Potions
 a - a potion of curing {unknown}
 e - 2 potions of brilliance {unknown}
 i - a potion of mutation {unknown}
Comestibles
 f - 2 rations


   Skills:
 + Level 2.5 Fighting
 + Level 0.6 Short Blades
 + Level 0.6 Long Blades
 + Level 0.6 Axes
 + Level 0.6 Maces & Flails
 + Level 0.6 Polearms
 + Level 0.6 Staves
 + Level 0.6 Slings
 + Level 2.5 Bows
 + Level 0.6 Crossbows
 + Level 0.6 Throwing
 + Level 2.5 Armour
 + Level 0.6 Dodging
 + Level 0.6 Stealth
 + Level 4.5 Shields
 + Level 0.6 Unarmed Combat
 + Level 7.1 Spellcasting
 + Level 0.4 Conjurations
 + Level 0.4 Hexes
 + Level 0.4 Charms
 + Level 3.7 Summonings
 + Level 0.4 Necromancy
 + Level 0.4 Translocations
 + Level 0.4 Transmutations
 + Level 0.4 Fire Magic
 + Level 0.4 Ice Magic
 + Level 0.4 Air Magic
 + Level 0.4 Earth Magic
 + Level 0.4 Poison Magic
 + Level 0.8 Invocations
 + Level 0.6 Evocations


You had 14 spell levels left.
You knew the following spells:

 Your Spells              Type           Power        Failure   Level  Hunger
a - Magic Dart            Conj           #...         22%         1    None
b - Summon Small Mammal   Summ           ###.         6%          1    None

Your spell library contained the following spells:

 Spells                   Type           Power        Failure   Level  Hunger
 Call Imp                 Summ           ###.....     9%          2    None
 Blink                    Tloc           N/A          32%         2    None
 Slow                     Hex            #.......     32%         2    None
 Summon Guardian Golem    Hex/Summ       ##......     34%         3    ##.....
 Conjure Flame            Conj/Fire      #.......     54%         3    ##.....
 Mephitic Cloud           Conj/Pois/Air  #.......     54%         3    ##.....


Dungeon Overview and Level Annotations

Branches:
Dungeon (2/15)

Altars:


Innate Abilities, Weirdness & Mutations

Your experience applies equally to all skills.
You have very sharp teeth.
Your uncanny sense of smell can sniff out nearby items.


Message History

You hit the worm.
The worm is moderately wounded.
You sock the worm!
The worm is severely wounded.
The worm bites you.
* * * LOW HITPOINT WARNING * * *
You hit the worm but do no damage.
The worm is severely wounded.
The worm bites you but does no damage.
You hit the worm.
The worm is severely wounded.
The worm bites you but does no damage.
Your ring mail prevents you from hitting the worm.
You bite the worm, but do no damage.
The worm is severely wounded.
The worm barely misses you.
You hit the worm but do no damage.
The worm is severely wounded.
The worm bites you!
You die...

# #### ..>#
##.#######
..........
.#.#######
.#.## ....#
##########.#
#†..#
#......@w..#
#...#
#.########.#
....# #.#
.#..# #.#
.#..# #.#
.#..#
#.#######
.#..#
#.......#
.#).##
#######.#
.#...# #.#


You could see a worm.

Vanquished Creatures
  A dart slug (D:2)
  A leopard gecko (D:1)
  A ball python (D:2)
  4 bats
  5 giant cockroaches (D:1)
  A goblin (D:2)
  3 hobgoblins
  A quokka (D:2)
  2 kobolds (D:1)
  2 rats (D:2)
21 creatures vanquished.

Vanquished Creatures (collateral kills)
  A dart slug (D:1)
  A ball python (D:2)
2 creatures vanquished.

Grand Total: 23 creatures vanquished

Notes
Turn   | Place    | Note
-------+----------+-------------------------------------------
     0 | D:1      | Hercules1031 the Gnoll Wanderer began the quest for the
                  | Orb.
     0 | D:1      | Hercules1031 set off with the following items: a +0 mace, a
                  | +0 robe, a ration; and the following spells available to
                  | memorise: Summon Small Mammal, Call Imp, Magic Dart, Summon
                  | Guardian Golem, Blink, Slow, Conjure Flame, Mephitic Cloud
     0 | D:1      | Reached XP level 1. HP: 17/17 MP: 8/8
    29 | D:1      | Learned a level 1 spell: Magic Dart
    46 | D:1      | Learned a level 1 spell: Summon Small Mammal
   317 | D:1      | Reached XP level 2. HP: 16/23 MP: 10/10
   932 | D:2      | Reached XP level 3. HP: 25/28 MP: 9/11
  1124 | D:2      | Slain by a worm

Levels and vault maps discovered:
D:1:      scummos_arrival_forest, layout_loops_ring
D:2:      layout_basic, minmay_3d_cube

Action                   || total
-------------------------++-------
Melee: Mace              ||    69
       Bite              ||     8
 Cast: Summon Small Mamm ||    12
       Magic Dart        ||     4
  Use: Scroll            ||     2
 Stab: Sleeping          ||     1
Armor: Robe              ||    10
       Ring mail         ||    12
Dodge: Dodged            ||    62

Table legend:
 A = Non-vault XP
 B = Vault XP
 C = Vault XP percentage of total XP
 D = Non-vault monster count
 E = Vault monster count
 F = Vault count percentage of total count
                 A         B        C        D         E       F
            +---------+---------+-------+---------+---------+-------
      Total |      41 |       0 |   0.0 |      23 |       0 |   0.0
            +---------+---------+-------+---------+---------+-------
        D:1 |      24 |       0 |   0.0 |      12 |       0 |   0.0
        D:2 |      17 |       0 |   0.0 |      11 |       0 |   0.0
            +---------+---------+-------+---------+---------+-------
